 Dungeon Crawl Stone Soup version 0.27.1-2-g3b301248ec (console) character file.

Game seed: 4451601156484535053

107 Banquo the Sneak (level 5, -2/40 HPs)
             Began as a Djinni Delver on Sept 24, 2021.
             Was a Priest of Jiyva.
             Slain by an iguana (9 damage)
             ... on level 3 of the Dungeon.
             The game lasted 00:11:11 (3604 turns).

Banquo the Sneak (Djinni Delver)                    Turns: 3604, Time: 00:11:11

Health: -2/40      AC:  3    Str: 10    XL:     5   Next: 11%
Gold:   48         EV: 12    Int: 11    God:    Jiyva [***...] SH:  0 Dex: 15

rFire    + + .     SeeInvis .   a - +0 falchion
rCold    x . .     Faith    .   (no shield)
rNeg     . . .     Spirit   .   b - +0 leather armour
rPois    ∞         Reflect  .   (no helmet)
rElec    .         Harm     .   (no cloak)
rCorr    +         Rampage  .   (no gloves)
Will     .....                  (boots unavailable)
Stlth    ++........             (no amulet)
HPRegen  0.13/turn              (no ring)
MPRegen  0.00/turn              (no ring)

@: flying
A: sickness immunity, fire resistance 2, cold vulnerability 1, float, innate
caster, hp casting, extra vitality 1, weak 1
a: Renounce Religion, Request Jelly


You were on level 3 of the Dungeon.
You worshipped Jiyva.
Jiyva was most pleased with you.
You visited 2 branches of the dungeon, and saw 6 of its levels.

You collected 48 gold pieces.

Inventory:

Hand Weapons
 a - a +0 falchion (weapon)
 n - a +0 vampiric short sword
Missiles
 j - 18 stones (quivered)
Armour
 b - a +0 leather armour (worn)
Wands
 g - a wand of digging (3)
Scrolls
 c - a scroll of fog
 d - a scroll of magic mapping
 e - a scroll of fear
 h - a scroll of enchant weapon {unknown}
 i - 2 scrolls of teleportation {unknown}
 k - a scroll of noise {unknown}
 m - a scroll of immolation {unknown}
Potions
 f - a potion of haste
 l - a potion of attraction {unknown}


   Skills:
 - Level 3.0 Fighting
 - Level 3.7 Long Blades
 - Level 2.1 Dodging
 - Level 4.1 Stealth
 * Level 1.7 Spellcasting


You had 4 spell levels left.
You knew the following spells:

 Your Spells              Type           Power      Damage    Failure   Level
a - Apportation           Tloc           8%         N/A       21%         1
b - Wereblood             Tmut           4%         N/A       30%         2
Your spell library was empty.

Dungeon Overview and Level Annotations

Branches:
Dungeon (5/15)             Temple (1/1) D:5

Altars:
Dithmenos
Elyvilon
Fedhas
Gozag
Kikubaaqudgha
Okawaru
Qazlal
Ru
Sif Muna
Vehumet
Wu Jian
Zin
The Shining One
Jiyva

Annotations:
D:4 Sigmund


Innate Abilities, Weirdness & Mutations

You are immune to sickness and miasma.
You are immune to poison.
Your flesh is very heat resistant. (rF++)
You are vulnerable to cold. (rC-)
You float through the air rather than walking.
You learn spells naturally, not from books.
Your magical power is your life essence.
You have superior vitality. (+4 HP)
You are weak. (Str -2)


Message History

The hobgoblin hits you but does no damage.
You hear a distant slurping noise.
You hear a distant slurping noise.
The hobgoblin hits you but does no damage.
The iguana closely misses you.
You riposte.
You hit the iguana.
The iguana is moderately wounded.
You hear a distant slurping noise.
You hear a squelching noise.
The iguana misses you.
You hear a distant slurping noise.
Jiyva appreciates your sacrifice.
Sigmund is no longer covered in acid.
There is a stone staircase leading up here.
The iguana bites you but does no damage.
Sigmund gestures wildly while chanting.
Sigmund flickers and vanishes!
Deactivating autopickup; reactivate with Ctrl-A.
The giant cockroach barely misses you.
You riposte.
You slash the giant cockroach!
You kill the giant cockroach!
You fly upwards.
Reactivating autopickup.
There is a stone staircase leading down here.
You hit the iguana.
The iguana is moderately wounded.
The iguana bites you!
You barely miss the iguana.
The iguana is moderately wounded.
The iguana bites you.
You are too injured to fight recklessly!
You are too injured to fight recklessly!
You are too injured to fight recklessly!
You are too injured to fight recklessly!
You hit the iguana but do no damage.
The iguana is moderately wounded.
The iguana bites you!
* * * LOW HITPOINT WARNING * * *
You hit the iguana.
The iguana is severely wounded.
The iguana bites you!
You die...

#### #.###.# ...#
####J# #.# ...# #..J.#
#.# ..J# ##....# #.#
..J# #....^# #.# ...#
#.....###.##### ..##
#.#<....#.....# ..#
#.#...#.#####.# ..#
#.#.#.#.l@.##.# ..#
#...#...##....# ..#
########.#######
.######....#...#
......J.....>..###
.####...##.......#
.####.#........#.#
............#..#.#####
.####..<#.###....#...#


You could see an iguana.

Vanquished Creatures
  An orc priest (D:5)
  3 adders
  A gnoll (D:1)
  An orc (D:5)
  2 giant cockroaches
  5 goblins
  2 hobgoblins
  2 jackals (D:1)
  5 quokkas
  2 ball pythons
  5 bats
  A frilled lizard (D:3)
  8 kobolds
  A quokka skeleton (D:4)
  2 rats
41 creatures vanquished.

Vanquished Creatures (others)
  A jelly (D:4)
  Terence (D:2)
  2 adders
  An orc (D:4)
  2 ball pythons
  2 bats
  A hobgoblin (D:2)
  3 jackals
  3 quokkas
  2 kobolds (D:2)
  3 rats
21 creatures vanquished.

Grand Total: 62 creatures vanquished

Notes
Turn   | Place    | Note
-------+----------+-------------------------------------------
     0 | D:5      | Banquo the Djinni Delver began the quest for the Orb.
     0 | D:5      | Reached XP level 1. HP: 20/20 MP: 0/0
    14 | D:5      | Found a staircase to the Ecumenical Temple.
    20 | Temple   | Entered the Ecumenical Temple
   178 | Temple   | Became a worshipper of Jiyva Jeung the Shapeless
   407 | D:5      | Noticed an orc priest
   429 | D:5      | Killed an orc priest
   430 | D:5      | Reached XP level 2. HP: 8/25 MP: 0/0
   430 | D:5      | Reached XP level 3. HP: 10/30 MP: 0/0
   430 | D:5      | Learned a level 1 spell: Apportation
   716 | D:4      | Noticed a bullfrog
   802 | D:3      | Reached * piety under Jiyva
   916 | D:1      | Found a faded altar of an unknown god.
  1175 | D:1      | Reached ** piety under Jiyva
  1180 | D:1      | Reached XP level 4. HP: 31/35 MP: 0/0
  1546 | D:2      | Noticed Terence
  1615 | D:2      | Killed Terence
  1804 | D:2      | Reached skill level 1 in Spellcasting
  2881 | D:3      | Found a glowing silver altar of Zin.
  2881 | D:3      | Noticed an angel
  2978 | D:3      | Reached XP level 5. HP: 37/40 MP: 0/0
  2978 | D:3      | Learned a level 2 spell: Wereblood
  3293 | D:3      | Found an iron altar of Okawaru.
  3573 | D:4      | Reached *** piety under Jiyva
  3580 | D:4      | Gained mutation: You are weak. (Str -2) [Jiyva's grace]
  3583 | D:4      | Noticed Sigmund
  3604 | D:3      | Slain by an iguana

Illustrated notes

Levels and vault maps discovered:
D:1:      saegor_arrival_simple_e, layout_rooms, ebering_ecumenical_altar_webs,
          hangedman_abyss_or_decor_stabs
D:2:      layout_basic, uniq_terence
D:3:      layout_basic, mainiacjoe_overflow_cross_hatched,
          okawaru_ov_weapons_minmay, marbit_many_paths, zin_angel
D:4:      layout_cave_pools, uniq_sigmund
D:5:      layout_basic, mainiacjoe_overflow_alcove_2,
          gammafunk_temple_overflow_wave, temple_green, serial_rivers,
          chequers_serial_rivers_micro_c, chequers_serial_rivers_small_b,
          chequers_serial_rivers_micro_d, chequers_serial_rivers_small_b,
          chequers_serial_rivers_large_a, serial_shops, shop,
          nrook_pool_corridor, doesnt_shop_hydraphobe
Temple:   pf_slime_end_temple

Skill      XL: |  1  2  3  4 |
---------------+-------------+-----
Long Blades    | 3 |  3.7
Spellcasting   | 1 |  1.7
Fighting       | |  3.0
Dodging        | |  2.1
Stealth        | |  4.1

Action                   |  1- 3 |  4- 6 || total
-------------------------+-------+-------++-------
Melee: Falchion          |    67 |    85 ||   152
 Stab: Sleeping          |     6 |     5 ||    11
Armor: Leather armour    |    13 |    28 ||    41
Dodge: Dodged            |    50 |    70 ||   120
       Rpst.: Falchion   |    16 |    27 ||    43
